TOP OF THE 1ST |
Chicago Machine batting - Pitching for Madison Bombers : LHP Juan Espinosa
|
Pitching: LHP Juan Espinosa
|
|
Batting: RHB Matt Doyle
|
0-0: Ball 1-0: Called Strike 1-1: Ball 2-1: Foul Ball, location: 2F 2-2: Foul Ball, location: 2F 2-2: Ball 3-2: Ground out 6-3 (Groundball, 6)
|
Batting: SHB Joaquín López
|
0-0: Ball 1-0: Ball 2-0: Foul Ball, location: 2F 2-1: SINGLE (Line Drive, 7LS)
|
Batting: RHB Doug Stephens
|
0-0: Ball 1-0: Ball 2-0: Called Strike 2-1: Ball 3-1: Called Strike 3-2: Foul Ball, location: 2F 3-2: DOUBLE (Groundball, 5L) Joaquín López to third Runner from 3rd tries for Home, SAFE, throw made at trailing runner, OUT at third!
|
Batting: SHB José Alomar
|
0-0: SINGLE (Line Drive, 89S)
|
Batting: LHB Kiyonaga Morita
|
0-0: Ball 1-0: Ground out U3 (Groundball, 3)
|
Top of the 1st over - 1 run(s), 3 hit(s), 0 error(s), 1 left on base; Chicago 1 - Madison 0 |
BOTTOM OF THE 1ST |
Madison Bombers batting - Pitching for Chicago Machine : RHP Zózimo Pascoal
|
Pitching: RHP Zózimo Pascoal
|
|
Batting: RHB Juan Costello
|
0-0: Ball 1-0: Called Strike 1-1: Called Strike 1-2: Ball 2-2: Ground out 5-3 (Groundball, 5)
|
Batting: SHB Jorge Flores
|
0-0: DOUBLE (Line Drive, 9LD)
|
Batting: RHB Sergio Márquez
|
0-0: Called Strike 0-1: Ball 1-1: Called Strike 1-2: Foul Ball, location: 2F 1-2: Ground out 6-3 (Groundball, 6) Jorge Flores to third
|
Batting: LHB Mike Callahan
|
0-0: Called Strike 0-1: Ground out U3 (Groundball, 23)
|
Bottom of the 1st over - 0 run(s), 1 hit(s), 0 error(s), 1 left on base; Chicago 1 - Madison 0 |
TOP OF THE 2ND |
Chicago Machine batting - Pitching for Madison Bombers : LHP Juan Espinosa
|
Batting: RHB Lorenzo Guzmán
|
0-0: Ball 1-0: Fly out, F9 (Flyball, 9)
|
Batting: SHB Lee Townsend
|
0-0: Ball 1-0: Called Strike 1-1: Fly out, F5 (Line Drive, 5)
|
Batting: SHB Jesús Ramírez
|
0-0: Ball 1-0: Foul Ball, location: 2F 1-1: Ball 2-1: Ball 3-1: Swinging Strike 3-2: Foul Ball, location: 2F 3-2: Fly out, F9 (Flyball, 9)
|
Top of the 2nd over - 0 run(s), 0 hit(s), 0 error(s), 0 left on base; Chicago 1 - Madison 0 |
BOTTOM OF THE 2ND |
Madison Bombers batting - Pitching for Chicago Machine : RHP Zózimo Pascoal
|
Batting: RHB Will Brown
|
0-0: Ground out 6-3 (Groundball, 6)
|
Batting: RHB Cris Fuentes
|
0-0: SINGLE (Line Drive, 89S)
|
Batting: SHB Martín Medina
|
0-0: Fly out, F5 (Popup, 5L)
|
Batting: SHB Bob Warren
|
0-0: Ground out 1-3 (Groundball, 13S)
|
Bottom of the 2nd over - 0 run(s), 1 hit(s), 0 error(s), 1 left on base; Chicago 1 - Madison 0 |
TOP OF THE 3RD |
Chicago Machine batting - Pitching for Madison Bombers : LHP Juan Espinosa
|
Batting: RHB Luis Martínez
|
0-0: Foul Ball, location: 2F 0-1: Foul Ball, location: 2F 0-2: Fly out, F6 (Popup, 6D)
|
Batting: RHB Matt Doyle
|
0-0: DOUBLE (Flyball, 89XD)
|
Batting: SHB Joaquín López
|
0-0: Ball 1-0: Foul Ball, location: 2F 1-1: Ground out 6-3 (Groundball, 6D)
|
Batting: RHB Doug Stephens
|
0-0: Ball 1-0: Foul Ball, location: 2F 1-1: Foul Ball, location: 2F 1-2: Foul Ball, location: 2F 1-2: Ball 2-2: Foul Ball, location: 2F 2-2: Ball 3-2: Fly out, F2 (Popup, 3S)
|
Top of the 3rd over - 0 run(s), 1 hit(s), 0 error(s), 1 left on base; Chicago 1 - Madison 0 |
BOTTOM OF THE 3RD |
Madison Bombers batting - Pitching for Chicago Machine : RHP Zózimo Pascoal
|
Batting: RHB Pablo Gonzáles
|
0-0: Fly out, F9 (Flyball, 9S)
|
Batting: RHB Juan Costello
|
0-0: Called Strike 0-1: Swinging Strike 0-2: Ball 1-2: Ground out 6-3 (Groundball, 6)
|
Batting: SHB Jorge Flores
|
0-0: Called Strike 0-1: SOLO HOME RUN (Flyball, 8RXD), Distance : 437 ft
|
Batting: RHB Sergio Márquez
|
0-0: Fly out, F5 (Popup, 56S)
|
Bottom of the 3rd over - 1 run(s), 1 hit(s), 0 error(s), 0 left on base; Chicago 1 - Madison 1 |
TOP OF THE 4TH |
Chicago Machine batting - Pitching for Madison Bombers : LHP Juan Espinosa
|
Batting: SHB José Alomar
|
0-0: TRIPLE (Line Drive, 7LS)
|
Batting: LHB Kiyonaga Morita
|
0-0: Ball 1-0: Ball 2-0: Called Strike 2-1: Foul Ball, location: 2F 2-2: Ball 3-2: Fly out, F8 (Flyball, 8LS)
|
Batting: RHB Lorenzo Guzmán
|
0-0: Ball 1-0: Called Strike 1-1: Called Strike 1-2: Foul Ball, location: 2F 1-2: SINGLE (Line Drive, 7LS) José Alomar scores
|
Batting: SHB Lee Townsend
|
0-0: Foul Ball, location: 2F 0-1: Swinging Strike 0-2: Ball Lorenzo Guzmán is caught stealing 2nd base 1-2: Ball 2-2: Fly out, F8 (Flyball, 8LM)
|
Top of the 4th over - 1 run(s), 2 hit(s), 0 error(s), 0 left on base; Chicago 2 - Madison 1 |
BOTTOM OF THE 4TH |
Madison Bombers batting - Pitching for Chicago Machine : RHP Zózimo Pascoal
|
Batting: LHB Mike Callahan
|
0-0: Foul Ball, location: 2F 0-1: Called Strike 0-2: Strikes out looking
|
Batting: RHB Will Brown
|
0-0: Fly out, F5 (Popup, 5S)
|
Batting: RHB Cris Fuentes
|
0-0: Swinging Strike 0-1: Ball 1-1: Ball 2-1: Ball 3-1: Foul Ball, location: 2F 3-2: Fly out, F8 (Flyball, 8RM)
|
Bottom of the 4th over - 0 run(s), 0 hit(s), 0 error(s), 0 left on base; Chicago 2 - Madison 1 |
TOP OF THE 5TH |
Chicago Machine batting - Pitching for Madison Bombers : LHP Juan Espinosa
|
Batting: SHB Jesús Ramírez
|
0-0: Foul Ball, location: 2F 0-1: Ground out 5-3 (Groundball, 56)
|
Batting: RHB Luis Martínez
|
0-0: SINGLE (Flyball, 9LM)
|
Batting: RHB Matt Doyle
|
0-0: Ball 1-0: Ball 2-0: Called Strike 2-1: Ball 3-1: Grounds into double play, 6-4-3 (Groundball, 6)
|
Top of the 5th over - 0 run(s), 1 hit(s), 0 error(s), 0 left on base; Chicago 2 - Madison 1 |
BOTTOM OF THE 5TH |
Madison Bombers batting - Pitching for Chicago Machine : RHP Zózimo Pascoal
|
Batting: SHB Martín Medina
|
0-0: Called Strike 0-1: Bunt for hit - play at first, batter safe!
|
Batting: SHB Bob Warren
|
0-0: Called Strike 0-1: Called Strike 0-2: Fly out, F8 (Flyball, 8LM)
|
Batting: RHB Pablo Gonzáles
|
0-0: Ball 1-0: Fly out, F7 (Flyball, 7)
|
Batting: RHB Juan Costello
|
0-0: Called Strike 0-1: Called Strike 0-2: Ball 1-2: Ball 2-2: Foul Ball, location: 2F 2-2: Fly out, F8 (Line Drive, 8LS)
|
Bottom of the 5th over - 0 run(s), 1 hit(s), 0 error(s), 1 left on base; Chicago 2 - Madison 1 |
TOP OF THE 6TH |
Chicago Machine batting - Pitching for Madison Bombers : LHP Juan Espinosa
|
Batting: SHB Joaquín López
|
0-0: Called Strike 0-1: Swinging Strike 0-2: Ball 1-2: Ball 2-2: Fly out, F8 (Flyball, 89M)
|
Batting: RHB Doug Stephens
|
0-0: Swinging Strike 0-1: Fly out, F8 (Flyball, 8RM)
|
Batting: SHB José Alomar
|
0-0: Fly out, F9 (Line Drive, 89M)
|
Top of the 6th over - 0 run(s), 0 hit(s), 0 error(s), 0 left on base; Chicago 2 - Madison 1 |
BOTTOM OF THE 6TH |
Madison Bombers batting - Pitching for Chicago Machine : RHP Zózimo Pascoal
|
Batting: SHB Jorge Flores
|
0-0: SINGLE (Line Drive, 6D)
|
Batting: RHB Sergio Márquez
|
0-0: Ball 1-0: Ball 2-0: Foul Ball, location: 2F 2-1: Ball 3-1: Base on Balls Jorge Flores to second
|
Batting: LHB Mike Callahan
|
0-0: Foul Ball, location: 2F 0-1: Grounds into double play, 6-4-3 (Groundball, 6) Jorge Flores to third
|
Batting: RHB Will Brown
|
0-0: Called Strike 0-1: Swinging Strike 0-2: Ball 1-2: Foul Ball, location: 2F 1-2: Ball 2-2: Ball 3-2: Base on Balls
|
Batting: RHB Cris Fuentes
|
0-0: Ball 1-0: Ball 2-0: Ball 3-0: Base on Balls Will Brown to second
|
Batting: SHB Martín Medina
|
0-0: Fielders Choice at 2nd, 6-4 (Groundball, 6)
|
Bottom of the 6th over - 0 run(s), 1 hit(s), 0 error(s), 2 left on base; Chicago 2 - Madison 1 |
TOP OF THE 7TH |
Chicago Machine batting - Pitching for Madison Bombers : LHP Juan Espinosa
|
Batting: LHB Kiyonaga Morita
|
0-0: Swinging Strike 0-1: Called Strike 0-2: Fly out, F4 (Popup, 3D)
|
Batting: RHB Lorenzo Guzmán
|
0-0: Ball 1-0: Ball 2-0: SINGLE (Flyball, 89S)
|
Pinch Hitting: RHB Roberto Cardona
|
0-0: Ground out 5-3 (Groundball, 56S) Lorenzo Guzmán to second
|
Batting: SHB Jesús Ramírez
|
0-0: Ball 1-0: Called Strike 1-1: Called Strike 1-2: Ball 2-2: Ball 3-2: SINGLE (Flyball, 5D) Lorenzo Guzmán to third Lorenzo Guzmán scores
|
Batting: RHB Luis Martínez
|
0-0: Ball 1-0: Ground out 4-3 (Groundball, 34)
|
Top of the 7th over - 1 run(s), 2 hit(s), 0 error(s), 1 left on base; Chicago 3 - Madison 1 |
BOTTOM OF THE 7TH |
Madison Bombers batting - Pitching for Chicago Machine : RHP Zózimo Pascoal
|
Now in LF: Roberto Cardona
|
|
Batting: SHB Bob Warren
|
0-0: Foul Ball, location: 2F 0-1: Foul Ball, location: 2F 0-2: SINGLE (Groundball, 34D)
|
Batting: RHB Pablo Gonzáles
|
0-0: Bunted foul 0-1: Bunted foul 0-2: Ball 1-2: Foul Ball, location: 2F 1-2: Ball 2-2: Ball 3-2: Fly out, F9 (Flyball, 89XD)
|
Batting: RHB Juan Costello
|
0-0: Called Strike 0-1: Called Strike 0-2: Grounds into double play, 6-4-3 (Groundball, 6)
|
Bottom of the 7th over - 0 run(s), 1 hit(s), 0 error(s), 0 left on base; Chicago 3 - Madison 1 |
TOP OF THE 8TH |
Chicago Machine batting - Pitching for Madison Bombers : LHP Juan Espinosa
|
Batting: RHB Matt Doyle
|
0-0: Called Strike 0-1: Ground out 3-1 (Groundball, 34)
|
Batting: SHB Joaquín López
|
0-0: Ball 1-0: Ground out 4-3 (Groundball, 4)
|
Batting: RHB Doug Stephens
|
0-0: Called Strike 0-1: Ball 1-1: Fly out, F8 (Flyball, 8LM)
|
Top of the 8th over - 0 run(s), 0 hit(s), 0 error(s), 0 left on base; Chicago 3 - Madison 1 |
BOTTOM OF THE 8TH |
Madison Bombers batting - Pitching for Chicago Machine : RHP Zózimo Pascoal
|
Batting: SHB Jorge Flores
|
0-0: Fly out, F7 (Flyball, 78S)
|
Batting: RHB Sergio Márquez
|
0-0: Ground out 6-3 (Groundball, 6)
|
Batting: LHB Mike Callahan
|
0-0: Ball 1-0: Ball 2-0: Ball 3-0: Base on Balls
|
Batting: RHB Will Brown
|
0-0: Called Strike 0-1: Ball 1-1: Fly out, F6 (Popup, 56D)
|
Bottom of the 8th over - 0 run(s), 0 hit(s), 0 error(s), 1 left on base; Chicago 3 - Madison 1 |
TOP OF THE 9TH |
Chicago Machine batting - Pitching for Madison Bombers : LHP Juan Espinosa
|
Batting: SHB José Alomar
|
0-0: Ball 1-0: Fly out, F9 (Flyball, 89S)
|
Batting: LHB Kiyonaga Morita
|
0-0: Ball 1-0: Swinging Strike 1-1: Foul Ball, location: 2F 1-2: Strikes out swinging
|
Batting: RHB Lorenzo Guzmán
|
0-0: Called Strike 0-1: Foul Ball, location: 2F 0-2: Ground out 4-3 (Groundball, 4MD)
|
Top of the 9th over - 0 run(s), 0 hit(s), 0 error(s), 0 left on base; Chicago 3 - Madison 1 |
BOTTOM OF THE 9TH |
Madison Bombers batting - Pitching for Chicago Machine : RHP Zózimo Pascoal
|
Pitching: RHP Víctor Reyes
|
|
Batting: RHB Cris Fuentes
|
0-0: Called Strike 0-1: Called Strike 0-2: Ball 1-2: Foul Ball, location: 2F 1-2: Foul Ball, location: 2F 1-2: Ball 2-2: Fly out, F8 (Flyball, 78D)
|
Batting: SHB Martín Medina
|
0-0: Called Strike 0-1: Called Strike 0-2: Ball 1-2: Strikes out swinging
|
Batting: SHB Bob Warren
|
0-0: Called Strike 0-1: Swinging Strike 0-2: Strikes out swinging
|
Bottom of the 9th over - 0 run(s), 0 hit(s), 0 error(s), 0 left on base; Chicago 3 - Madison 1 |
|